 Seeded DCSS version 0.28-a0-1117-g0bdd5ba030 (webtiles) character file.

Game seed: 16008875487339432128 (custom seed)

84 croobank the Conjurer (level 4, 0/28 HPs)
             Began as an Octopode Conjurer on Dec 11, 2021.
             Was a Follower of the Shining One.
             Slain by a worm (9 damage)
             ... on level 3 of the Dungeon.
             The game lasted 00:07:23 (2758 turns).

croobank the Conjurer (Octopode Conjurer)           Turns: 2758, Time: 00:07:24

Health: 0/28       AC:  1    Str:  8    XL:     4   Next: 46%
Magic:  7/7        EV: 13    Int: 26    God:    the Shining One [*.....]
Gold:   53         SH:  5    Dex: 10    Spells: 1/7 levels left

rFire   . . .      SeeInvis +   b - staff of conjuration
rCold   . . .      Faith    .   (no shield)
rNeg    . . .      Spirit   .   (helmet restricted)
rPois   .          Reflect  +   e - amulet of reflection
rElec   .          Harm     .   a - ring of see invisible
rCorr   .          Rampage  .   d - +6 ring of intelligence
Will    .....                   (no ring)
Stlth   ++........              (no ring)
HPRegen 0.09/turn               (no ring)
MPRegen 0.10/turn               (no ring)
                                (no ring)
                                (no ring)

@: glowing
A: almost no armour, amphibious, 8 rings, camouflage 1, gelatinous body 1,
(nimble swimmer 1), tentacles
a: Renounce Religion, Divine Shield


You were on level 3 of the Dungeon.
You worshipped the Shining One.
The Shining One was aware of your devotion.
You visited 1 branch of the dungeon, and saw 3 of its levels.

You collected 53 gold pieces.

Inventory:

Missiles
 f - 93 stones
 j - 23 sling bullets
 k - 2 throwing nets
Magical Staves
 b - a staff of conjuration (weapon)
Jewellery
 a - a ring of see invisible (left tentacle)
 d - a +6 ring of intelligence (right tentacle)
 e - an amulet of reflection (around mantle)
Scrolls
 c - 2 scrolls of identify {identify, unknown}
 h - 2 scrolls of blinking {blink, unknown}
 l - a scroll of enchant weapon {enchant weapon, unknown}
 n - a scroll of amnesia {amnesia, unknown}
Potions
 g - a potion of invisibility {invisibility, unknown}
 i - a potion of curing {curing, unknown}
 m - a potion of heal wounds {heal wounds, unknown}


   Skills:
 + Level 1.0 Fighting
 + Level 0.3 Staves
 + Level 2.4 Dodging
 + Level 3.6 Stealth
 + Level 0.8 Shields
 + Level 2.0 Spellcasting
 + Level 4.7 Conjurations
 * Level 0.8 Invocations


You had one spell level left.
You knew the following spells:

 Your Spells              Type           Power      Damage    Failure   Level
a - Magic Dart            Conj           100%       1d8       1%          1
b - Searing Ray           Conj           82%        2d7       2%          2
c - Dazzling Flash        Conj/Hex       44%        N/A       12%         3

Your spell library contained the following spells:

 Spells                   Type           Power      Damage    Failure   Level
 Sandblast                Erth           4%         2d4       11%         1
 Stone Arrow              Conj/Erth      44%        3d9       12%         3
 Passwall                 Tmut/Erth      1%         N/A       16%         2
 Fulminant Prism          Conj/Hex       11%        3d9       36%         4
 Iskenderun's Mystic Bla  Conj/Tloc      22%        2d6       36%         4


Dungeon Overview and Level Annotations

Branches:
Dungeon (3/15)

Altars:
Wu Jian
The Shining One


Innate Abilities, Weirdness & Mutations

You cannot wear most types of armour.
You are amphibious.
You can wear up to eight rings at the same time.
Your skin changes colour to match your surroundings (Stealth+).
Your rubbery body absorbs attacks. (AC +1, EV +1)
((You are camouflaged near water. (Stealth+)))
You have tentacles for arms and can constrict up to eight enemies at once.


Message History

You kill the rat!
You see here a rat corpse.
h - 2 scrolls labelled YNADIL ZOJOH {blink} (gained 1)
Found an ornate altar of the Wu Jian Council.
An endoplasm comes into view.
The endoplasm quivers.
You hit the endoplasm but do no damage. The endoplasm closely misses you.
You hit the endoplasm.
The endoplasm is heavily wounded.
The endoplasm hits you.
You hit the endoplasm.
The endoplasm is heavily wounded.
The endoplasm barely misses you.
You hit the endoplasm.
The endoplasm is severely wounded.
The endoplasm completely misses you. The endoplasm hits you.
You hit the endoplasm.
You kill the endoplasm!
A worm comes into view.
This spell is quite dangerous to cast!
Memorise Dazzling Flash, consuming 3 spell levels and leaving 1? [Y]es or [N]o only, please.
Memorise Dazzling Flash, consuming 3 spell levels and leaving 1? [Y]es or [N]o only, please.
Memorise Dazzling Flash, consuming 3 spell levels and leaving 1? [Y]es or [N]o only, please.
Memorise Dazzling Flash, consuming 3 spell levels and leaving 1? [Y]es or [N]o only, please.
Memorise Dazzling Flash, consuming 3 spell levels and leaving 1?
You start memorising the spell.
You continue memorising. x3
You finish memorising.
Spell assigned to 'c'.
The worm bites you!
You hit the worm but do no damage. You grab the worm. You constrict the worm.
You hit the worm.
The worm is lightly wounded.
You constrict the worm. The worm bites you!
You hit the worm. You squeeze the worm!
The worm is severely wounded.
You constrict the worm. The worm bites you!
You die...

#. #.. ###. ## #..#
#... ##.# #... #.#.
##.#.# ...##+# #.#.
#.#.#.# #
#..#.#####.#.
#.#w###.#..#.........
#.#@##.........†....
##.#.####...#####.##
##.#.###...## #.##
##.#.###...####.##
##.#.##..........
##.#.##.........
##.#.##..........
##.#.###..........
##.#.##.#.....##..#


You could see a worm.

Vanquished Creatures
  3 adders
  4 dart slugs
  3 endoplasms
  3 goblins
  5 hobgoblins
  4 jackals (D:2)
  A quokka (D:2)
  7 ball pythons
  5 bats
  4 frilled lizards
  5 kobolds
  9 rats
53 creatures vanquished.

Notes
Turn   | Place    | Note
-------+----------+-------------------------------------------
     0 | D:1      | croobank the Octopode Conjurer began the quest for the Orb.
     0 | D:1      | Reached XP level 1. HP: 11/11 MP: 3/3
   322 | D:1      | Reached XP level 2. HP: 10/17 MP: 5/5
   464 | D:1      | Noticed a shining eye
   466 | D:1      | Found a faded altar of an unknown god.
   468 | D:1      | Noticed a golden eye
   468 | D:1      | Noticed an eye of devastation
   468 | D:1      | Noticed an eye of devastation
   479 | D:1      | Learned a level 2 spell: Searing Ray
   488 | D:1      | Prayed at the altar of an unknown god.
   488 | D:1      | Became a worshipper of the Shining One
   488 | D:1      | Reached * piety under the Shining One
  1104 | D:2      | Reached XP level 3. HP: 22/22 MP: 6/6
  1822 | D:2      | Reached XP level 4. HP: 27/27 MP: 3/7
  2217 | D:2      | Reached skill level 1 in Fighting
  2668 | D:3      | Found an ornate altar of the Wu Jian Council.
  2753 | D:3      | Learned a level 3 spell: Dazzling Flash
  2758 | D:3      | Slain by a worm

Illustrated notes

Levels and vault maps discovered:
D:1:      heliophobic_arrival_henge, layout_basic,
          hellmonk_ecumenical_altar_watching_god
D:2:      layout_basic
D:3:      minmay_inner_zag, layout_basic, nzn_wu_jian_council_hall,
          gammafunk_ghost_stat_death, kennysheep_jessica_study, uniq_jessica

Skill      XL: |  1  2  3  4 |
---------------+-------------+-----
Stealth        | 3 |  3.6
Fighting       | 1 |  1.0
Staves         | |  0.3
Dodging        | |  2.4
Shields        | |  0.8
Spellcasting   | |  2.0
Conjurations   | |  4.7
Invocations    | |  0.8

Action                   |  1- 3 |  4- 6 || total
-------------------------+-------+-------++-------
Melee: Staff             |    56 |    45 ||   101
       Constrict         |    16 |    11 ||    27
       Unarmed           |     5 |       ||     5
       Tentacles         |     4 |     8 ||    12
 Cast: Magic Dart        |     6 |       ||     6
       Searing Ray       |     4 |       ||     4
  Use: Scroll            |     1 |       ||     1
 Stab: Sleeping          |     3 |       ||     3
Armor: Skin              |     6 |     3 ||     9
Dodge: Dodged            |    49 |    32 ||    81
Block: Other             |       |     7 ||     7

Table legend: (Time is in decaauts)
 A = Elapsed time spent in this place.
 B = Non-inter-level travel time spent in this place.
 C = Inter-level travel time spent in this place.
 D = Time resting spent in this place.
 E = Time spent auto-exploring this place.
 F = Levels seen in this place.
 G = Mean time per level.
                   A        B        C        D        E       F      G
               +--------+--------+--------+--------+--------+-----+--------+
         Total |   2775 |   2672 |    103 |    582 |   1651 |   3 |  925.0 |
       Dungeon |   2775 |   2672 |    103 |    582 |   1651 |   3 |  925.0 |
               +--------+--------+--------+--------+--------+-----+--------+

Top non-repeatable levels by time:
     D:2: 1476 daAuts
     D:1: 1090 daAuts
     D:3: 208 daAuts
